 Dungeon Crawl Stone Soup version 0.30-a0-364-gf6b3ef1049 (webtiles) character file.

Game seed: 4390790823967949795

1303 NinjaNoafa the Grave Robber (level 8, 0/58 HPs)
             Began as a Human Wanderer on Nov 15, 2022.
             Slain by Menkaure (12 damage)
             ... on level 7 of the Dungeon.
             The game lasted 00:09:36 (5913 turns).

NinjaNoafa the Grave Robber (Human Wanderer)        Turns: 5913, Time: 00:09:37

Health: 0/58       AC:  8    Str: 20    XL:     8   Next: 87%
Magic:  7/12       EV: 12    Int: 16    God:
Gold:   305        SH:  0    Dex: 11    Spells: 8/13 levels left

rFire   . . .      SeeInvis .    D - +4 mace of Wondrous Power {vorpal, rC+ Str+5 Int+2}
rCold   + . .      Faith    .    (no shield)
rNeg    . . .      Spirit   .    d - +0 leather armour
rPois   .          Reflect  .    F - +0 helmet
rElec   .          Harm     .    (no cloak)
rCorr   .          Rampage  .    (no gloves)
Will    .....                    (no boots)
Stlth   +.........               (no amulet)
HPRegen 0.29/turn                j - +4 ring of slaying
MPRegen 0.13/turn                x - +4 ring of protection

@: no status effects
A: no striking features
a: no special abilities


You were on level 7 of the Dungeon.
You visited 1 branch of the dungeon, and saw 7 of its levels.

You collected 305 gold pieces.

Inventory:

Hand Weapons
 D - the +4 mace of Wondrous Power (weapon) {vorpal, rC+ Str+5 Int+2}
   (You found it on level 4 of the Dungeon)

   It inflicts extra damage upon your enemies.
   Str:       It affects your strength (+5).
   Int:       It affects your intelligence (+2).
   rC:        It protects you from cold.
Missiles
 p - 44 stones
 w - 23 poisoned darts
Armour
 d - a +0 leather armour (worn)
 F - a +0 helmet (worn)
Jewellery
 c - a ring of fire
 j - a +4 ring of slaying (left hand)
 x - a +4 ring of protection (right hand)
 J - a +6 ring of strength
 K - an amulet of the acrobat
Wands
 e - a wand of paralysis (23)
Scrolls
 b - 3 scrolls of vulnerability
 g - 5 scrolls of identify {unknown}
 h - a scroll of enchant armour {unknown}
 i - a scroll of butterflies {unknown}
 l - a scroll of summoning {unknown}
 o - a scroll of amnesia {unknown}
 q - 4 scrolls of teleportation {unknown}
 s - a scroll of brand weapon {unknown}
 v - a scroll of enchant weapon {unknown}
 y - 5 scrolls of poison {unknown}
 z - a scroll of silence {unknown}
 H - a scroll of blinking {unknown}
 I - a scroll of fear
Potions
 a - 2 potions of mutation {unknown}
 f - 2 potions of magic {unknown}
 m - a potion of invisibility {unknown}
 n - a potion of might {unknown}
 r - 2 potions of lignification {unknown}
 t - 2 potions of ambrosia {unknown}
 u - a potion of flight {unknown}
 A - a potion of attraction {unknown}
 B - 2 potions of berserk rage {unknown}
 C - a potion of resistance {unknown}
 E - a potion of degeneration {unknown}
 G - a potion of brilliance {unknown}


   Skills:
 - Level 3.0 Fighting
 - Level 3.0 Maces & Flails
 - Level 3.0 Dodging
 - Level 3.0 Spellcasting
 - Level 4.0 Conjurations
 + Level 3.8 Summonings
 - Level 6.0 Necromancy
 - Level 5.0 Evocations


You had 8 spell levels left.
You knew the following spells:

 Your Spells              Type           Power      Damage    Failure   Level
a - Kiss of Death         Conj/Necr      72%        2d10      2%          1
b - Magic Dart            Conj           60%        1d6       4%          1
c - Vampiric Draining     Necr           21%        2d7       5%          3

Your spell library contained the following spells:

 Spells                   Type           Power      Damage    Failure   Level
 Summon Small Mammal      Summ           56%        N/A       4%          1
 Call Imp                 Summ           14%        N/A       7%          2
 Call Canine Familiar     Summ           14%        N/A       14%         3
 Summon Guardian Golem    Hex/Summ       8%         N/A       30%         3
 Mephitic Cloud           Conj/Pois/Air  6%         N/A       36%         3


Dungeon Overview and Level Annotations

Branches:
Dungeon (7/15)
 Temple: D:4-7

Altars:
Kikubaaqudgha
Vehumet

Annotations:
D:7 Menkaure


Message History

Casting: Magic Dart (safe; 4% risk of failure)
Confirm with . or Enter, or press ? or * to list all spells.
Aiming: Kiss of Death (safe; 3% risk of failure)
Press: ? - help, Shift-Dir - straight line, f/p - Prince Ribbit
Aim: Prince Ribbit (moderately wounded, 100% to hit)
The negative energy hits Prince Ribbit!
Prince Ribbit is drained!
Prince Ribbit is severely wounded.
You feel drained. Prince Ribbit hits you! Prince Ribbit barely misses you.
You sock Prince Ribbit!
Prince Ribbit is almost dead.
Prince Ribbit closely misses you.
Menkaure calls on the powers of darkness!
Your body is wracked with pain!
You sock Prince Ribbit!
You kill Prince Ribbit!
Prince Ribbit returns to his original shape as he dies.
Your life force feels restored.
Training target 6.0 for Necromancy reached!
Your Summonings skill increases to level 3!
Your Necromancy skill increases to level 6!
Unknown command.
Menkaure gestures at you while chanting.
Pain shoots through your body!
You see here the human corpse of Prince Ribbit.
Casting: Kiss of Death (safe; 2% risk of failure)
Confirm with . or Enter, or press ? or * to list all spells.
You can't see any susceptible monsters within range! (Use Z to cast anyway.)
Casting: Kiss of Death (safe; 2% risk of failure)
Confirm with . or Enter, or press ? or * to list all spells.
Aiming: Magic Dart (safe; 4% risk of failure)
Press: ? - help, Shift-Dir - straight line, f - Menkaure
Aim: Menkaure (fast, 100% to hit)
The magic dart hits Menkaure.
Menkaure is lightly damaged.
Menkaure barely misses you. Menkaure hits you!
* * * LOW HITPOINT WARNING * * *
You feel better. Menkaure hits you.
* * * LOW HITPOINT WARNING * * *
You feel better. Menkaure hits you!
You die...

#. .# #. .## ##. #
###... ..#. ....
.##..# ...# .##..#
#..# .##.M#
#..####.##.@##
#<.##........#
#.###......#.#
#..........#.# .
#.###.....##.#
..####.###.....##.#
..........>..####.#
..........#### #.#
#.####.##.# #.#


You could see Menkaure (fast).

Vanquished Creatures
  Prince Ribbit (D:7)
  Edmund (D:4)
  A black bear (D:4)
  A sky beast (D:7)
  A phantom (D:5)
  2 scorpions
  A wight (D:6)
  An orc priest (D:3)
  7 hounds
  4 iguanas
  2 orc wizards (D:5)
  9 adders
  2 ufetubi
  2 dart slugs
  15 orcs
  4 ball pythons
  3 bats
  6 endoplasms
  3 giant cockroaches (D:4)
  6 goblins
  5 hobgoblins
  13 kobolds
  13 quokkas
  4 frilled lizards
  3 rats
110 creatures vanquished.

Vanquished Creatures (others)
  5 plants (D:1)
5 creatures vanquished.

Grand Total: 115 creatures vanquished

Notes
Turn   | Place    | Note
-------+----------+-------------------------------------------
     0 | D:1      | NinjaNoafa the Human Wanderer began the quest for the Orb.
     0 | D:1      | NinjaNoafa set off with the following items: a +0 club, a
                  | scroll of vulnerability, a scroll of fear, a +0 leather
                  | armour, a wand of paralysis (11); and the following spell
                  | memorised: Kiss of Death; and the following spells
                  | available to memorise: Vampiric Draining.
     0 | D:1      | Reached XP level 1. HP: 18/18 MP: 2/2
   244 | D:1      | Reached XP level 2. HP: 14/24 MP: 3/3
   695 | D:1      | Reached skill level 1 in Conjurations
   837 | D:1      | Reached XP level 3. HP: 25/25 MP: 3/5
  1546 | D:3      | Reached skill level 2 in Necromancy
  1552 | D:3      | Reached XP level 4. HP: 19/35 MP: 5/7
  2173 | D:3      | Found a radiant altar of Vehumet.
  2235 | D:3      | Reached XP level 5. HP: 40/41 MP: 8/8
  2335 | D:3      | Found a faded altar of an unknown god.
  2884 | D:4      | Identified the +4 mace of Wondrous Power {vorpal, rC+ Str+5
                  | Int+2}
  2896 | D:4      | Learned a level 1 spell: Magic Dart
  2926 | D:4      | Noticed a black bear
  2934 | D:4      | Killed a black bear
  2935 | D:4      | Reached skill level 3 in Necromancy
  2935 | D:4      | Reached XP level 6. HP: 36/47 MP: 4/10
  3023 | D:4      | Reached skill level 1 in Maces & Flails
  3131 | D:4      | Noticed Edmund
  3147 | D:4      | HP: 1/33 [Edmund/+2 flail of protection (6)]
  3151 | D:4      | Killed Edmund
  3152 | D:4      | Reached XP level 7. HP: 2/33 MP: 3/11
  3319 | D:4      | Reached skill level 4 in Necromancy
  4216 | D:4      | Reached skill level 5 in Necromancy
  4288 | D:5      | Entered Level 5 of the Dungeon
  4324 | D:5      | Reached skill level 1 in Dodging
  4450 | D:5      | Reached skill level 1 in Summonings
  4450 | D:5      | Reached XP level 8. HP: 44/58 MP: 6/12
  4540 | D:5      | Found an ancient bone altar of Kikubaaqudgha.
  4568 | D:5      | Learned a level 3 spell: Vampiric Draining
  5902 | D:7      | Noticed Prince Ribbit
  5903 | D:7      | Noticed Menkaure
  5909 | D:7      | Killed Prince Ribbit
  5910 | D:7      | Reached skill level 6 in Necromancy
  5911 | D:7      | HP: 2/58 [Menkaure (17)]
  5913 | D:7      | Slain by Menkaure

Illustrated notes

Levels and vault maps discovered:
D:1:      shiori_shiawase, layout_basic, lexackson_kobold_supper
D:2:      layout_basic
D:3:      layout_basic, mainiacjoe_overflow_alcove_1,
          hellmonk_ecumenical_altar_heavens_door, minmay_quadrilaterals
D:4:      minmay_door_path, layout_loops_cross, portal_sewer_entry_f,
          chequers_garden, minmay_joined_circles, uniq_edmund
D:5:      layout_loops_ring, nicolae_kikubaaqudgha_miasma_corner
D:6:      layout_loops_ring, worldfamousw_hep_ancestral_shrine, serial_shops,
          nicolae_inconvenience_store
D:7:      layout_loops_ring, minmay_temple_entry_sparse_star,
          kennysheep_generic_room_5, uniq_prince_ribbit1, uniq_menkaure

Skill      XL: |  1  2  3  4  5  6  7  8 |
---------------+-------------------------+-----
Conjurations   | 1 2 3 4 |  4.0
Necromancy     | 2 3 5 6 |  6.0
Spellcasting   | 2 3 |  3.0
Maces & Flails | 2 3 |  3.0
Dodging        | 1 3 |  3.0
Summonings     | 1 3 |  3.8
Fighting       | |  3.0
Evocations     | |  5.0

Action                   |  1- 3 |  4- 6 |  7- 9 || total
-------------------------+-------+-------+-------++-------
Melee: Club              |    41 |       |       ||    41
       Whip              |    40 |     3 |       ||    43
       Punch             |     2 |     2 |     1 ||     5
       Morningstar       |       |    66 |       ||    66
       Mace              |       |    12 |   126 ||   138
Throw: Stone             |       |     3 |       ||     3
 Cast: Kiss of Death     |     1 |     5 |     1 ||     7
       Magic Dart        |       |     9 |    79 ||    88
  Use: Scroll            |       |       |     1 ||     1
       Potion            |       |       |     3 ||     3
Armor: Leather armour    |    28 |    53 |    76 ||   157
Dodge: Dodged            |    49 |    79 |   120 ||   248

Table legend: (Time is in decaauts)
 A = Elapsed time spent in this place.
 B = Non-inter-level travel time spent in this place.
 C = Inter-level travel time spent in this place.
 D = Time resting spent in this place.
 E = Time spent auto-exploring this place.
 F = Levels seen in this place.
 G = Mean time per level.
                   A        B        C        D        E       F      G
               +--------+--------+--------+--------+--------+-----+--------+
         Total |   5999 |   5731 |    268 |    143 |   4587 |   7 |  857.0 |
       Dungeon |   5999 |   5731 |    268 |    143 |   4587 |   7 |  857.0 |
               +--------+--------+--------+--------+--------+-----+--------+

Top non-repeatable levels by time:
     D:4: 1433 daAuts
     D:1: 1272 daAuts
     D:5: 1232 daAuts
     D:3: 1173 daAuts
     D:2: 479 daAuts
     D:7: 256 daAuts
     D:6: 151 daAuts
